[Event "14th Poti Open-A 2019"]
[Site "Poti"]
[Date "2019.07.16"]
[Round "5.23"]
[White "Naqopia, Giorgi"]
[Black "Qaloyan, Ishkhan"]
[Result "1-0"]
[ECO "B50"]
[WhiteElo "1680"]
[BlackElo "1497"]
[Annotator "NA RC"]
[PlyCount "131"]
[EventDate "2019.07.13"]
[EventType "swiss"]
[EventCountry "GEO"]
[SourceTitle "playchess.com"]
[Source "ChessBase"]
[SourceQuality "1"]
[TimeControl "40/5400+30:1800+30"]

1. e4 c5 2. Nf3 d6 3. c4 e5 4. d3 Nc6 5. g3 g6 6. Bg2 Bg7 7. O-O Nge7 8. Nc3 O-O 9. Rb1 f5 10. Nd5 h6 11. a3 a5 12. exf5 gxf5 13. Nh4 Nxd5 14. Bxd5+ Kh7 15. f4 Qe8 16. Nf3 Be6 17. fxe5 dxe5 18. Qb3 Rd8 19. Be3 Bxd5 20. cxd5 Nd4 21. Bxd4 cxd4 22. Rbe1 e4 23. Qxb7 Rf7 24. Qb3 Rb8 25. Qc4 Rc8 26. Qa6 Ra8 27. Qe6 Rf6 28. Qxe8 Rxe8 29. Nxd4 Re5 30. dxe4 fxe4 31. Ne6 Rxf1+ 32. Kxf1 Rxd5 33. Nxg7 Kxg7 34. Rxe4 Rd1+ 35. Kf2 Rh1 36. Kg2 Rb1 37. Re2 a4 38. Kf3 Kf6 39. Ke4 Rd1 40. Rc2 Rd6 41. Ke3 Rd5 42. Rc4 Ra5 43. h4 h5 44. Rb4 Ke6 45. Rb6+ Kf5 46. Rh6 Kg4 47. Rg6+ Kh3 48. Rg5 Ra6 49. Kf4 Rf6+ 50. Rf5 Rb6 51. Rxh5 Rxb2 52. Ra5 Rb3 53. Rxa4 Rxg3 54. Kf5 Rf3+ 55. Kg6 Rg3+ 56. Kh6 Rb3 57. h5 Rb6+ 58. Kg7 Rb7+ 59. Kf6 Rb6+ 60. Ke7 Rh6 61. Ra5 Kg4 62. a4 Kf4 63. Kf7 Rb6 64. Rb5 Ra6 65. a5 Ra7+ 66. Ke6 1-0

[Event "14th Poti Open-A 2019"]
[Site "Poti"]
[Date "2019.07.16"]
[Round "5.24"]
[White "Petrosyan, Tigran Sur."]
[Black "Mikayelyan, Mikael"]
[Result "1/2-1/2"]
[ECO "D02"]
[WhiteElo "1554"]
[BlackElo "1736"]
[Annotator "NA RC"]
[PlyCount "65"]
[EventDate "2019.07.13"]
[EventType "swiss"]
[EventCountry "GEO"]
[SourceTitle "playchess.com"]
[Source "ChessBase"]
[SourceQuality "1"]
[TimeControl "40/5400+30:1800+30"]

1. d4 d5 2. Nf3 Nf6 3. Bf4 c6 4. e3 Bf5 5. Bd3 Bg6 6. O-O e6 7. Qe2 Nbd7 8. Nbd2 Be7 9. h3 O-O 10. c4 c5 11. Bxg6 hxg6 12. b3 Rc8 13. Rac1 cxd4 14. exd4 Qa5 15. Rc2 dxc4 16. Nxc4 Qf5 17. Bh2 b5 18. Ne3 Rxc2 19. Nxc2 Qd5 20. Ne3 Qc6 21. Rd1 Rc8 22. d5 exd5 23. Nd4 Qc5 24. Qxb5 Nb6 25. Qxc5 Bxc5 26. Ndc2 Ne4 27. Be5 f6 28. Bd4 Bxd4 29. Nxd4 Nc3 30. Rd2 Ne4 31. Rd1 Nc3 32. Rd2 Ne4 33. Rd1 1/2-1/2

[Event "14th Poti Open-A 2019"]
[Site "Poti"]
[Date "2019.07.17"]
[Round "6.17"]
[White "Qalichava, Akaki"]
[Black "Manukyan, Aleks"]
[Result "1/2-1/2"]
[ECO "C04"]
[WhiteElo "1808"]
[BlackElo "2097"]
[Annotator "NA"]
[PlyCount "30"]
[EventDate "2019.07.13"]
[EventType "swiss"]
[EventCountry "GEO"]
[SourceTitle "playchess.com"]
[Source "ChessBase"]
[SourceQuality "1"]
[TimeControl "40/5400+30:1800+30"]

1. e4 e6 2. d4 d5 3. Nd2 Nc6 4. Ngf3 Nf6 5. e5 Nd7 6. c3 f6 7. exf6 Qxf6 8. Bb5 Bd6 9. O-O O-O 10. Re1 a6 11. Bxc6 bxc6 12. Qe2 Nb6 13. Nf1 a5 $11 14. Bg5 Qg6 15. Bh4 a4 1/2-1/2

[Event "14th Poti Open-A 2019"]
[Site "Poti"]
[Date "2019.07.17"]
[Round "6.18"]
[White "Pluzyan, Aram"]
[Black "Mindiashvili, Tengiz"]
[Result "0-1"]
[ECO "E32"]
[WhiteElo "2087"]
[BlackElo "1862"]
[Annotator "NA"]
[PlyCount "71"]
[EventDate "2019.07.13"]
[EventType "swiss"]
[EventCountry "GEO"]
[SourceTitle "playchess.com"]
[Source "ChessBase"]
[SourceQuality "1"]
[TimeControl "40/5400+30:1800+30"]

1. d4 Nf6 2. c4 e6 3. Nc3 Bb4 4. Qc2 O-O 5. e4 Bxc3+ 6. bxc3 d6 {[%emt 0:00:12] E32: Nimzo-Indian: Classical (4 Qc2): 4...0-0} 7. Bg5 (7. Bd3 Nbd7 8. f4 e5 9. Nf3 Re8 10. O-O h6 11. c5 exd4 12. cxd6 cxd6 13. cxd4 Nb6 14. e5 {1-0 (41) Bromberger,S (2500)-Braun,A (2567) Austria 2014}) 7... h6 8. Bh4 e5 9. Bd3 Re8 $146 ({Predecessor:} 9... Bg4 10. h3 Bh5 11. g4 Bg6 12. Rb1 b6 13. Ne2 Bh7 14. g5 {1-0 (44) Henkel,P (1817)-Tortoza,C (1656) Remote email 2013}) 10. Ne2 Nbd7 11. f3 Nf8 12. d5 Ng6 13. Bf2 b6 14. g4 Nd7 15. h4 Nc5 16. Kd2 c6 17. Rag1 Nxd3 18. Qxd3 {[%emt 0:02:52] [#]} b5 $1 19. cxb5 cxd5 20. h5 dxe4 21. Qxe4 d5 22. Qb4 a5 23. Qb1 Nf4 24. Nxf4 Qg5 25. Be3 d4 26. Qe4 $19 dxe3+ 27. Ke2 Qxf4 28. Qxa8 e4 29. Rf1 Bd7 30. Qd5 exf3+ 31. Rxf3 Bxg4 32. Rhf1 Qh2+ 33. Ke1 Bxf3 34. Rxf3 Qh4+ 35. Ke2 Qh2+ 36. Ke1 0-1

[Event "14th Poti Open-A 2019"]
[Site "Poti"]
[Date "2019.07.17"]
[Round "6.19"]
[White "Virabyan, Gor"]
[Black "Kukhaleishvili, Giorgi"]
[Result "1-0"]
[ECO "E81"]
[WhiteElo "2048"]
[BlackElo "1839"]
[Annotator "NA"]
[PlyCount "93"]
[EventDate "2019.07.13"]
[EventType "swiss"]
[EventCountry "GEO"]
[SourceTitle "playchess.com"]
[Source "ChessBase"]
[SourceQuality "1"]
[TimeControl "40/5400+30:1800+30"]

1. d4 Nf6 2. c4 g6 3. Nc3 Bg7 4. e4 d6 5. f3 O-O 6. Bg5 c5 7. d5 a6 8. a4 e6 9. Qd2 Qa5 10. h4 {E81: King's Indian: Sämisch: 6th move deviations (including 6 Be3 c6)} (10. Ra3 exd5 11. cxd5 Nbd7 12. Nh3 Ne5 13. Nf2 Bd7 14. Be2 Qb4 15. O-O b5 16. axb5 axb5 17. Nxb5 Bxb5 18. Qxb4 cxb4 19. Rxa8 Bxe2 20. Rxf8+ Kxf8 21. Ra1 {0-1 (35) Ibrahim,H (2337)-Vovk,Y (2595) Beirut 2016}) 10... exd5 11. cxd5 h5 $146 ({Predecessor:} 11... b5 12. h5 Nxh5 13. Be7 Re8 14. Bxd6 f5 15. Bd3 c4 16. Bc2 Qb6 17. Bh2 b4 18. Nd1 fxe4 19. fxe4 Bf5 20. Ne2 Bxe4 21. Bxe4 Rxe4 22. d6 Qc5 23. d7 Nxd7 {0-1 (23) Olsson,L (2415)-Cutillas Ripoll,P (2465) ICCF corr 1994}) 12. Bf4 Rd8 13. Ra3 Qc7 14. Be2 Nbd7 15. Nh3 Ne5 16. Nf2 Bd7 17. O-O Re8 18. Bh6 c4 19. Bxg7 Kxg7 20. Rc1 b5 21. b4 Qb6 22. a5 Qd8 23. Ncd1 Nh7 24. Qf4 Rc8 ({Black should play} 24... f5 $15) 25. Ne3 Qf6 26. Qg3 $11 Rc7 27. Rac3 Bc8 28. f4 Ng4 29. Bxg4 hxg4 30. Nexg4 Bxg4 31. Qxg4 Rce7 32. e5 dxe5 33. Ne4 Qxf4 34. Qxf4 exf4 35. Nc5 Nf6 36. d6 Ra7 37. Rd1 Nd7 38. Rf3 Rc8 39. Rxf4 Rxc5 40. bxc5 Nxc5 41. Rd5 Nd7 42. h5 c3 43. Rd3 gxh5 44. Rxc3 Ne5 45. Rc7 Ra8 46. Rf5 Re8 47. d7 1-0

[Event "14th Poti Open-A 2019"]
[Site "Poti"]
[Date "2019.07.17"]
[Round "6.20"]
[White "Manukyan, Sevak N."]
[Black "Licheli, Luka"]
[Result "0-1"]
[ECO "E42"]
[WhiteElo "1830"]
[BlackElo "2046"]
[Annotator "NA"]
[PlyCount "44"]
[EventDate "2019.07.13"]
[EventType "swiss"]
[EventCountry "GEO"]
[SourceTitle "playchess.com"]
[Source "ChessBase"]
[SourceQuality "1"]
[TimeControl "40/5400+30:1800+30"]

1. d4 Nf6 2. c4 e6 3. Nc3 Bb4 4. e3 c5 5. Nge2 cxd4 6. exd4 d5 7. a3 Be7 8. Nf4 Nc6 9. cxd5 Nxd5 10. Ncxd5 exd5 11. Be3 Bg5 12. Qd2 O-O 13. Be2 Re8 14. O-O Bxf4 15. Bxf4 Nxd4 16. Qxd4 Rxe2 17. Rfe1 Rxe1+ 18. Rxe1 $11 Be6 19. Be5 Qf8 20. Re3 Kh8 21. h4 h6 22. h5 b6 0-1

[Event "14th Poti Open-A 2019"]
[Site "Poti"]
[Date "2019.07.17"]
[Round "6.21"]
[White "Bechvaia, Gabriel"]
[Black "Naqopia, Giorgi"]
[Result "1/2-1/2"]
[ECO "A51"]
[WhiteElo "1793"]
[BlackElo "1680"]
[Annotator "NA"]
[PlyCount "39"]
[EventDate "2019.07.13"]
[EventType "swiss"]
[EventCountry "GEO"]
[SourceTitle "playchess.com"]
[Source "ChessBase"]
[SourceQuality "1"]
[TimeControl "40/5400+30:1800+30"]

1. d4 Nf6 2. c4 e5 3. d5 d6 4. Qc2 e4 5. Bg5 Bf5 6. Nc3 Nbd7 7. Nf3 Bg6 8. Nh4 e3 9. Nxg6 exf2+ 10. Kd2 fxg6 11. Rd1 Be7 12. Bxf6 Bxf6 13. Kc1 Bxc3 14. Qxc3 O-O 15. g3 Qe7 16. Qc2 Qe3+ 17. Kb1 a5 18. Bh3 Nc5 19. Bg4 Rae8 20. Rhf1 1/2-1/2

[Event "14th Poti Open-A 2019"]
[Site "Poti"]
[Date "2019.07.17"]
[Round "6.22"]
[White "Mchedlishvili, Ramaz"]
[Black "Khukhunaishvili, Tariel"]
[Result "1-0"]
[ECO "A01"]
[WhiteElo "1441"]
[BlackElo "1722"]
[Annotator "NA"]
[PlyCount "90"]
[EventDate "2019.07.13"]
[EventType "swiss"]
[EventCountry "GEO"]
[SourceTitle "playchess.com"]
[Source "ChessBase"]
[SourceQuality "1"]
[TimeControl "40/5400+30:1800+30"]

1. b3 Nf6 2. Bb2 g6 3. Bxf6 exf6 4. c4 Bg7 5. Nc3 O-O 6. g3 d6 7. Bg2 f5 8. Rc1 Nc6 9. e3 Re8 10. Nge2 Ne5 11. d4 Ng4 12. O-O c6 13. b4 a6 14. Qb3 Nf6 15. b5 Ne4 16. Qc2 axb5 17. cxb5 Nxc3 18. Nxc3 d5 19. a4 Bf8 20. Qb3 Qa5 21. Rb1 Be6 22. Rfc1 Bd6 23. bxc6 bxc6 24. Qb6 Ba3 25. Qxa5 Rxa5 26. Rc2 Rea8 27. h4 Be7 28. Rb7 Kf8 29. Rcb2 Ke8 30. Bf1 Kd8 31. Bd3 R5a7 32. R7b6 Bd7 33. Bc2 Ba3 34. Rb1 Kc8 35. Ne2 Bd6 36. Nf4 Bc7 37. R6b2 Rb8 38. Rxb8+ Bxb8 39. Nd3 Bd6 40. Kf1 Kc7 41. Ke2 Bc8 42. Kd2 Ba6 43. Nc5 Bxc5 44. dxc5 Ra8 45. Kc3 Be2 1-0

[Event "14th Poti Open-A 2019"]
[Site "Poti"]
[Date "2019.07.17"]
[Round "6.23"]
[White "Nurijanyan, Alex"]
[Black "Kvartskhava, Tsotne"]
[Result "1-0"]
[ECO "C00"]
[WhiteElo "1610"]
[BlackElo "1719"]
[Annotator "NA"]
[PlyCount "21"]
[EventDate "2019.07.13"]
[EventType "swiss"]
[EventCountry "GEO"]
[SourceTitle "playchess.com"]
[Source "ChessBase"]
[SourceQuality "1"]
[TimeControl "40/5400+30:1800+30"]

1. e4 e6 2. d4 d5 3. Bd3 c5 4. exd5 exd5 5. Qe2+ Be6 6. dxc5 Bxc5 7. Nc3 Nc6 8. Nf3 Qd7 9. O-O Nf6 10. Bg5 Be7 11. Rad1 1-0

[Event "14th Poti Open-A 2019"]
[Site "Poti"]
[Date "2019.07.17"]
[Round "6.24"]
[White "Mikayelyan, Mikael"]
[Black "Kupatadze, Tornike"]
[Result "1-0"]
[ECO "A42"]
[WhiteElo "1736"]
[BlackElo "1526"]
[Annotator "NA"]
[PlyCount "24"]
[EventDate "2019.07.13"]
[EventType "swiss"]
[EventCountry "GEO"]
[SourceTitle "playchess.com"]
[Source "ChessBase"]
[SourceQuality "1"]
[TimeControl "40/5400+30:1800+30"]

1. d4 g6 2. c4 Bg7 3. Nc3 d6 4. e4 Nc6 5. Be3 e5 6. Nge2 f5 7. f3 fxe4 8. Nxe4 Bf5 9. N4g3 Nh6 10. Qd2 Nf7 11. d5 Ne7 12. Nc3 c6 1-0

[Event "14th Poti Open-A 2019"]
[Site "Poti"]
[Date "2019.07.18"]
[Round "7.4"]
[White "Nigalidze, Gaioz"]
[Black "Mustafayev, Farid"]
[Result "1-0"]
[ECO "A05"]
[WhiteElo "2563"]
[BlackElo "2289"]
[Annotator "ChessBase"]
[PlyCount "61"]
[EventDate "2019.07.13"]
[EventType "swiss"]
[EventCountry "GEO"]
[SourceTitle "playchess.com"]
[Source "ChessBase"]
[SourceQuality "1"]
[TimeControl "40/5400+30:1800+30"]

1. Nf3 Nf6 2. c4 c5 3. Nc3 d6 4. g3 Nc6 5. Bg2 e5 6. O-O g6 7. a3 a5 8. Ne1 Bg7 9. Nc2 O-O 10. d3 Be6 11. Bg5 h6 12. Bxf6 Bxf6 13. Rb1 Rb8 14. b4 cxb4 15. axb4 Bg7 16. bxa5 Nxa5 17. Ne3 f5 18. Bd5 Bxd5 19. Nexd5 Nc6 20. e3 g5 21. Qh5 Kh7 22. Rb6 e4 23. d4 Na5 24. Rb4 Rc8 25. Qe2 Nc6 26. Rxb7 Na5 27. Rb4 Nc6 28. Ra4 f4 29. Qc2 f3 30. h3 Kh8 31. Qxe4 1-0

[Event "14th Poti Open-A 2019"]
[Site "Poti"]
[Date "2019.07.18"]
[Round "7.5"]
[White "Sanikidze, Tornike"]
[Black "Tutisani, Noe"]
[Result "1-0"]
[ECO "E73"]
[WhiteElo "2509"]
[BlackElo "2460"]
[Annotator "ChessBase"]
[PlyCount "57"]
[EventDate "2019.07.13"]
[EventType "swiss"]
[EventCountry "GEO"]
[SourceTitle "playchess.com"]
[Source "ChessBase"]
[SourceQuality "1"]
[TimeControl "40/5400+30:1800+30"]

1. d4 Nf6 2. c4 g6 3. Nc3 Bg7 4. e4 d6 5. Be2 O-O 6. Bg5 c5 7. d5 e6 8. Qd2 exd5 9. cxd5 Nbd7 10. f3 Ne5 11. f4 Ned7 12. Nf3 Re8 13. Qc2 h6 14. Bh4 a6 15. a4 Qa5 16. O-O Ng4 17. Rfe1 c4 18. h3 Qb6+ 19. Kh1 Nf2+ 20. Kh2 Nd3 21. Bxd3 cxd3 22. Qd2 Qb4 23. Bf2 Qc4 24. Rac1 Nf6 25. Bd4 Bd7 26. Nb5 Qxa4 27. Nxd6 Nxe4 28. Nxe4 Bxd4 29. b3 1-0

[Event "14th Poti Open-A 2019"]
[Site "Poti"]
[Date "2019.07.18"]
[Round "7.6"]
[White "Hayrapetyan, Hovik"]
[Black "Gharibyan, Mamikon"]
[Result "1/2-1/2"]
[ECO "A46"]
[WhiteElo "2465"]
[BlackElo "2350"]
[Annotator "ChessBase"]
[PlyCount "155"]
[EventDate "2019.07.13"]
[EventType "swiss"]
[EventCountry "GEO"]
[SourceTitle "playchess.com"]
[Source "ChessBase"]
[SourceQuality "1"]
[TimeControl "40/5400+30:1800+30"]

1. d4 Nf6 2. Nf3 e6 3. a3 b5 4. Nc3 b4 5. axb4 Bxb4 6. Bd2 Bb7 7. e3 O-O 8. Bd3 c5 9. O-O d5 10. Na4 Bxd2 11. Nxc5 Bb4 12. Nxb7 Qb6 13. c3 Be7 14. Na5 Qxb2 15. Qc1 Qxc1 16. Rfxc1 Rc8 17. c4 dxc4 18. Bxc4 Nbd7 19. Ba6 Rxc1+ 20. Rxc1 Bd8 21. Nc6 Bb6 22. Nd2 Re8 23. Nc4 Nb8 24. Nxb8 Rxb8 25. Ne5 Nd5 26. Nc6 Re8 27. Kf1 Kf8 28. Ke2 Nf6 29. f4 Nd7 30. Bb7 f6 31. Kd3 Nb8 32. Nxb8 Rxb8 33. Bc8 e5 34. fxe5 fxe5 35. d5 Bd8 36. Ke4 Rb3 37. d6 Kf7 38. Rf1+ Bf6 39. Ba6 Rb6 40. Bc4+ Ke8 41. Bg8 Rxd6 42. Bxh7 Rd2 43. Kf3 a5 44. Rb1 a4 45. Bg6+ Kd7 46. Rb7+ Kd6 47. Ra7 Ra2 48. e4 Kc5 49. Bf7 Ra1 50. Kg4 Kd4 51. Bd5 Ke3 52. g3 Kf2 53. Rc7 Re1 54. Ra7 Rh1 55. Rxa4 Rxh2 56. Ra2+ Kg1 57. Ra3 Kf2 58. Rf3+ Kg2 59. Bc4 Rh6 60. Bf7 Rh2 61. Rb3 Kf2 62. Bc4 Rh6 63. Rb2+ Ke3 64. Re2+ Kd4 65. Bd5 Kd3 66. Ra2 Ke3 67. Ra3+ Kf2 68. Bf7 Rh2 69. Be8 Rh1 70. Bg6 Rh6 71. Ra2+ Ke3 72. Kf5 Rh3 73. g4 Rf3+ 74. Ke6 Rf2 75. Ra1 Kf4 76. Bf5 Kg5 77. Ra8 Rh2 78. Rb8 1/2-1/2

[Event "14th Poti Open-A 2019"]
[Site "Poti"]
[Date "2019.07.18"]
[Round "7.7"]
[White "Arabidze, Meri"]
[Black "Shahinyan, David"]
[Result "0-1"]
[ECO "A65"]
[WhiteElo "2402"]
[BlackElo "2445"]
[Annotator "RC"]
[PlyCount "102"]
[EventDate "2019.07.13"]
[EventType "swiss"]
[EventCountry "GEO"]
[SourceTitle "playchess.com"]
[Source "ChessBase"]
[SourceQuality "1"]
[TimeControl "40/5400+30:1800+30"]

1. d4 Nf6 2. c4 c5 3. d5 e6 4. Nc3 exd5 5. cxd5 d6 6. e4 g6 7. Nge2 Bg7 8. Ng3 a6 9. a4 h5 10. Be2 Qe7 11. f3 Nbd7 12. O-O h4 13. Nh1 Nh5 14. Be3 f5 15. f4 h3 16. Bxh5 Rxh5 17. g4 Rh4 18. gxf5 Bxc3 19. bxc3 Qxe4 20. Qf3 gxf5 21. Rae1 Qxf3 22. Rxf3 Kf8 23. Nf2 Nb6 24. Bd2 Bd7 25. a5 Nc4 26. Bc1 Re8 27. Rxe8+ Bxe8 28. Nxh3 Bh5 29. Rd3 Be2 30. Rg3 Rg4 31. Rxg4 Bxg4 32. Ng5 Nxa5 33. Kf2 Nc4 34. h3 Bh5 35. Ne6+ Ke7 36. Kg3 Kf6 37. Nc7 Bf7 38. Kh4 a5 39. Nb5 Bxd5 40. Kh5 Bf7+ 41. Kh6 d5 42. h4 Be8 43. Nc7 Bc6 44. h5 d4 45. cxd4 cxd4 46. Kh7 Kf7 47. h6 d3 48. Kh8 a4 49. h7 a3 50. Ne6 a2 51. Nd8+ Kg6 0-1

[Event "14th Poti Open-A 2019"]
[Site "Poti"]
[Date "2019.07.18"]
[Round "7.10"]
[White "Nikoladze, Sopio"]
[Black "Gvetadze, Sofio"]
[Result "1/2-1/2"]
[ECO "A48"]
[WhiteElo "2124"]
[BlackElo "2316"]
[Annotator "NA"]
[PlyCount "100"]
[EventDate "2019.07.13"]
[EventType "swiss"]
[EventCountry "GEO"]
[SourceTitle "playchess.com"]
[Source "ChessBase"]
[SourceQuality "1"]
[TimeControl "40/5400+30:1800+30"]

1. d4 Nf6 2. Nf3 g6 3. Nc3 c5 4. e4 cxd4 5. Nxd4 Nc6 6. Nxc6 bxc6 7. e5 Ng8 8. Bc4 Qa5 9. Qe2 {[%emt 0:03:09] B34: Sicilian: Accelerated Dragon with 5 Nc3: sidelines} (9. Bf4 Bg7 10. O-O Bxe5 11. Bxe5 Qxe5 12. Re1 Qf5 13. Qd4 Qf6 14. Qc5 Kf8 15. Re3 d5 16. Rf3 Bf5 17. Ba6 Rb8 18. g4 {0-1 (38) De Jong,M (2345)-Bu,X (2707) Vlissingen 2014}) 9... Bg7 10. f4 Nh6 11. O-O O-O 12. Bd2 Nf5 $146 ({Predecessor:} 12... Qc7 13. Kh1 d6 14. e6 f5 15. Ba6 Ng4 16. Bxc8 Qxc8 {0-1 (31) Mertens,L (1655)-Janasik,G (2038) Berlin 2018}) 13. g4 Qb6+ 14. Kg2 Nd4 15. Qd3 d5 16. exd6 exd6 17. Na4 Qd8 18. c3 d5 19. Ba6 Qa5 20. Bxc8 Raxc8 21. b3 Qb5 22. Qg3 Qe2+ 23. Rf2 Qe4+ 24. Kh3 Nc2 25. Rc1 f5 26. Nc5 Qe7 27. b4 fxg4+ 28. Qxg4 Na3 29. Re1 Qf7 30. Ne6 Rfe8 31. f5 Nc4 32. Nxg7 Rxe1 33. Bxe1 Qxg7 34. fxg6 Qh6+ 35. Kg3 Qxg6 36. Re2 Nd6 37. Qxg6+ hxg6 38. Kf4 Kf7 39. Bf2 a6 40. Bc5 Nf5 41. Bd4 Ra8 42. Kg5 a5 43. Be5 axb4 44. cxb4 d4 45. Rd2 Ra4 46. Bxd4 Nxd4 $11 47. Rxd4 Rxa2 48. h4 Rg2+ 49. Kh6 Rg1 50. Rc4 Ke7 1/2-1/2

[Event "14th Poti Open-A 2019"]
[Site "Poti"]
[Date "2019.07.18"]
[Round "7.11"]
[White "Chaqryan, Erik"]
[Black "Botoyan, Smbat"]
[Result "1/2-1/2"]
[ECO "E70"]
[WhiteElo "2027"]
[BlackElo "2240"]
[Annotator "NA"]
[PlyCount "119"]
[EventDate "2019.07.13"]
[EventType "swiss"]
[EventCountry "GEO"]
[SourceTitle "playchess.com"]
[Source "ChessBase"]
[SourceQuality "1"]
[TimeControl "40/5400+30:1800+30"]

1. d4 g6 2. c4 Bg7 3. Nc3 Nf6 4. e4 O-O 5. Nge2 c6 6. Ng3 {[%emt 0:00:40] E70: King's Indian: Miscellaneous lines with 4 e4, including 5 Nge2 and 5 Bd3 0-0 6 Nge2} d5 7. e5 Ng4 8. Be2 Nh6 9. cxd5 cxd5 10. Be3 $146 ({Predecessor:} 10. O-O Nc6 11. Be3 Nf5 12. Nxf5 Bxf5 13. Qb3 {0-1 (66) Martorell Aguado,J (2242)-Munoz Pantoja,M (2486) Barcelona 2017}) 10... f6 11. exf6 Rxf6 12. Bf3 Rd6 13. O-O e6 14. Re1 Nf7 15. Bf4 Rb6 16. Na4 Rb4 17. Be3 Nc6 18. a3 Rxd4 19. Bxd4 Nxd4 20. Bg4 Qh4 21. Nc5 Ne5 22. Bxe6+ Nxe6 23. Qxd5 Qd4 24. Qxd4 Nxd4 25. Rad1 Ndc6 26. b3 b6 27. Nd3 Ba6 28. Nxe5 Nxe5 29. Rd5 Re8 30. Red1 Nc6 31. f3 Re3 32. Rd6 Ne5 33. Rd8+ Kf7 34. Ra8 Nc6 35. Ne4 Rd3 36. Ng5+ Kf6 37. Nxh7+ Kf5 38. Rxd3 Bxd3 39. Rg8 (39. Kf2 $11) 39... Bd4+ 40. Kh1 Bb2 41. Rf8+ Ke5 42. Re8+ Kf4 43. a4 $11 Bc2 44. Nf8 Ne5 45. Ra8 Nc6 46. Rc8 Nd4 47. Ne6+ Nxe6 48. Rxc2 Bd4 49. b4 a5 50. bxa5 bxa5 51. Rc4 g5 52. Rc8 Nc5 53. Rf8+ Ke5 54. Rg8 Kf6 55. Rf8+ Kg7 56. Rf5 Kg6 57. Rd5 Be3 58. Re5 Bf2 59. g3 Kf6 60. f4 1/2-1/2

[Event "14th Poti Open-A 2019"]
[Site "Poti"]
[Date "2019.07.18"]
[Round "7.13"]
[White "Muradli, Mahammad"]
[Black "Tsotsonava, Elene"]
[Result "1-0"]
[ECO "D21"]
[WhiteElo "2454"]
[BlackElo "1878"]
[Annotator "ChessBase"]
[PlyCount "37"]
[EventDate "2019.07.13"]
[EventType "swiss"]
[EventCountry "GEO"]
[SourceTitle "playchess.com"]
[Source "ChessBase"]
[SourceQuality "1"]
[TimeControl "40/5400+30:1800+30"]

1. d4 d5 2. c4 dxc4 3. Nf3 c5 4. d5 Nf6 5. Nc3 e6 6. e4 exd5 7. e5 Ne4 8. Nxd5 b5 9. b3 Nc6 10. bxc4 Be6 11. Qc2 Qa5+ 12. Nd2 Bf5 13. Bd3 Nxd2 14. Bxd2 Bxd3 15. Qxd3 bxc4 16. Qe4 c3 17. Bxc3 Qd8 18. Nf6+ gxf6 19. Qxc6+ 1-0

[Event "14th Poti Open-A 2019"]
[Site "Poti"]
[Date "2019.07.18"]
[Round "7.14"]
[White "Janiashvili, Mariami"]
[Black "Yeritsyan, Hayk"]
[Result "0-1"]
[ECO "A58"]
[WhiteElo "1993"]
[BlackElo "2210"]
[Annotator "NA"]
[PlyCount "54"]
[EventDate "2019.07.13"]
[EventType "swiss"]
[EventCountry "GEO"]
[SourceTitle "playchess.com"]
[Source "ChessBase"]
[SourceQuality "1"]
[TimeControl "40/5400+30:1800+30"]

1. d4 Nf6 2. c4 c5 3. d5 b5 4. cxb5 a6 5. bxa6 g6 6. g3 Bg7 7. Bg2 d6 8. Nc3 O-O 9. Nf3 Nxa6 10. O-O Bf5 11. Nh4 Bd7 12. e4 Qb6 13. h3 Ne8 14. Re1 Nec7 15. Nf3 Nb5 16. Nxb5 Bxb5 17. Bg5 Ra7 18. a4 Bc4 19. Nd2 Bd3 20. Nb3 Nb4 21. e5 Bc2 22. a5 Qb8 23. Qf3 Nd3 24. Nd2 Nxe1 25. Rxe1 Bxe5 26. Nc4 Qb4 27. Qe2 Bd3 0-1

[Event "14th Poti Open-A 2019"]
[Site "Poti"]
[Date "2019.07.18"]
[Round "7.16"]
[White "Ohanyan, Emin"]
[Black "Manafov, Vugar"]
[Result "0-1"]
[ECO "B03"]
[WhiteElo "1950"]
[BlackElo "2175"]
[Annotator "NA"]
[PlyCount "92"]
[EventDate "2019.07.13"]
[EventType "swiss"]
[EventCountry "GEO"]
[SourceTitle "playchess.com"]
[Source "ChessBase"]
[SourceQuality "1"]
[TimeControl "40/5400+30:1800+30"]

1. e4 Nf6 2. e5 Nd5 3. d4 d6 4. c4 Nb6 5. f4 dxe5 6. fxe5 Bf5 7. Nc3 e6 8. Nf3 Be7 9. Be3 O-O 10. Be2 f6 11. O-O Nc6 12. exf6 Bxf6 13. Qd2 Qe8 14. Rad1 Rd8 15. Qc1 Qg6 16. Kh1 Nb4 17. d5 Nd3 18. Bxd3 Bxd3 19. Rfe1 Nxc4 20. Bc5 Rfe8 21. dxe6 Qf5 22. Bg1 Rxe6 23. Rxe6 Qxe6 24. Nd4 Bxd4 25. Rxd3 Bf6 26. Rxd8+ Bxd8 27. Qd1 Nd6 28. Nd5 a6 29. Bc5 Qe5 30. Bxd6 Qxd6 31. Qe2 c6 32. Nc3 h6 33. g3 Bf6 34. Ne4 Qd5 35. b3 b5 36. Qf3 Bd4 37. Kg2 Qe6 38. Qd3 c5 39. b4 Qc4 40. Qf3 Qxa2+ 41. Kh1 cxb4 42. Nd6 Qe6 43. Nf5 Bf6 44. Qg4 Kh8 45. Qg6 Qe4+ 46. Kg1 Bd4+ 0-1

[Event "14th Poti Open-A 2019"]
[Site "Poti"]
[Date "2019.07.18"]
[Round "7.17"]
[White "Manukyan, Aleks"]
[Black "Mindiashvili, Tengiz"]
[Result "1-0"]
[ECO "E40"]
[WhiteElo "2097"]
[BlackElo "1862"]
[Annotator "NA"]
[PlyCount "82"]
[EventDate "2019.07.13"]
[EventType "swiss"]
[EventCountry "GEO"]
[SourceTitle "playchess.com"]
[Source "ChessBase"]
[SourceQuality "1"]
[TimeControl "40/5400+30:1800+30"]

1. d4 Nf6 2. c4 e6 3. Nc3 Bb4 4. e3 Bxc3+ 5. bxc3 d6 6. Bd3 Nc6 7. e4 h6 8. Ne2 e5 9. O-O O-O 10. f4 Bg4 11. d5 Nb8 12. fxe5 dxe5 13. h3 Bxe2 14. Qxe2 Nbd7 15. Ba3 b6 16. Qf2 Nh5 17. g3 Qf6 18. Qe3 Qg5 19. Qxg5 hxg5 20. Kg2 g6 21. Rab1 Rab8 22. Rb5 Ng7 23. g4 Rfc8 24. c5 c6 25. dxc6 Rxc6 26. Bc4 Ne6 27. Bd5 Rxc5 28. Bxe6 fxe6 29. Bxc5 Nxc5 30. Rd1 Rf8 31. Rb4 Rc8 32. a4 Kf7 33. a5 bxa5 34. Rc4 Ke7 35. Kg3 a4 36. h4 a3 37. h5 a2 38. Ra1 gxh5 39. gxh5 Kd6 40. Rxa2 Rh8 41. Kg4 Nd3 1-0

[Event "14th Poti Open-A 2019"]
[Site "Poti"]
[Date "2019.07.18"]
[Round "7.18"]
[White "Licheli, Luka"]
[Black "Qalichava, Akaki"]
[Result "0-1"]
[ECO "B20"]
[WhiteElo "2046"]
[BlackElo "1808"]
[Annotator "NA"]
[PlyCount "95"]
[EventDate "2019.07.13"]
[EventType "swiss"]
[EventCountry "GEO"]
[SourceTitle "playchess.com"]
[Source "ChessBase"]
[SourceQuality "1"]
[TimeControl "40/5400+30:1800+30"]

1. e4 c5 2. b3 Nf6 3. e5 Ng8 4. Bb2 Nc6 5. Nf3 d5 6. exd6 Qxd6 7. g3 e5 8. Nxe5 Nxe5 9. Qe2 f6 10. f4 Bg4 11. fxe5 Bxe2 12. exd6 Bxf1 13. Kxf1 Bxd6 14. d3 O-O-O 15. Nd2 b6 16. Ne4 Bc7 17. Re1 h5 18. Kg2 Nh6 19. Re2 Ng4 20. Nd2 h4 21. h3 Ne5 22. Bxe5 Bxe5 23. gxh4 Rd7 24. Re4 Kd8 25. Nf3 Bd6 26. Rg1 Re7 27. Rxe7 Kxe7 28. Re1+ Kf7 29. Re4 Be7 30. a4 f5 31. Rf4 Kf6 32. Rc4 Bd6 33. d4 Re8 34. Kf1 cxd4 35. Rxd4 Bc5 36. Rd7 a5 37. Ng5 Re3 38. Rd3 Re7 39. Nf3 f4 40. c3 Kf5 41. h5 Re8 42. Rd7 Re3 43. Rf7+ Ke4 44. Nd2+ Kd3 45. Rd7+ Kxc3 46. Nc4 Rxh3 47. Rf7 f3 48. Nd2 0-1